 Dungeon Crawl Stone Soup version 0.30.1-3-gfc49f6343a (webtiles) character file.

Game seed: 10473425236542730554

102671 cheesebisquit the Brawler (level 15, 0/156 HPs)
             Began as a Troll Fighter on July 20, 2023.
             Was the Champion of Wu Jian.
             Slain by an eight-headed hydra (8 damage)
             ... on level 14 of the Dungeon on July 21, 2023.
             The game lasted 01:35:54 (25175 turns).

cheesebisquit the Brawler (Troll Fighter)          Turns: 25175, Time: 01:35:55

Health: 0/156      AC:  9    Str: 40    XL:     15   Next: 86%
Magic:  14/14      EV: 11    Int: 10    God:    Wu Jian [******]
Gold:   1521       SH: 11    Dex:  9    Spells: 14/14 levels left

rFire   . .          .
                       - Unarmed
rCold   + . .        m - +0 kite shield
rNeg    . . .        x - +1 troll leather armour
rPois   .            P - +2 hat
rElec   .            K - scarf {repulsion}
rCorr   .            (gloves unavailable)
SInv    +            (boots unavailable)
Will    +....        Y - amulet "Uvvuerod" {Faith Fly rC+ SInv}
Stlth   +            y - +6 ring of strength
HPRegen 2.06/turn    i - +6 ring of strength
MPRegen 0.14/turn

%: repel missiles, faith
@: flying, studying 2 skills
A: large, unfitting armour, claws 3, regeneration 1, shaggy fur 1, tough skin 1
a: Renounce Religion, Wall Jump, Serpent's Lash, Heavenly Storm


You were on level 14 of the Dungeon.
You worshipped Wu Jian.
Wu Jian was exalted by your worship.
You visited 4 branches of the dungeon, and saw 23 of its levels.
You also visited: Volcano.

You collected 2506 gold pieces.
You spent 985 gold pieces at shops.

Inventory:

Hand Weapons
 b - a +6 morningstar
 g - a +2 morningstar of draining
 t - a +1 eveningstar
Missiles
 e - a boomerang of dispersal
 l - 10 javelins
 F - 13 atropa-tipped darts
 H - 6 boomerangs
 L - 3 curare-tipped darts
 M - 18 poisoned darts
 W - 25 large rocks (quivered)
Armour
 m - a +0 kite shield (worn)
 o - a +2 robe of cold resistance
 x - a +1 troll leather armour (worn)
 G - the +1 animal skin "Hebu" {rElec}
   (You acquired it on level 4 of the Lair of Beasts)

   rElec:     It insulates you from electricity.
 K - a scarf of repulsion (worn)
 P - a +2 hat (worn)
Magical Staves
 S - a staff of earth
Jewellery
 h - a +6 ring of strength
 i - a +6 ring of strength (right claw)
 w - the ring of the Gazing Madman {rF- rC+ rN+ Will+ SInv}
   (You found it on level 5 of the Lair of Beasts)

   [ring of willpower]

   rF:        It makes you vulnerable to fire.
   rC:        It protects you from cold.
   rN:        It protects you from negative energy.
   SInv:      It lets you see invisible.
   Will:      It increases your willpower.
 y - a +6 ring of strength (left claw)
 Q - a ring of willpower
 Y - the amulet "Uvvuerod" (around neck) {Faith Fly rC+ SInv}
   (You acquired it on level 7 of the Dungeon)

   [amulet of faith]

   It allows you to gain divine favour quickly.
   rC:        It protects you from cold.
   SInv:      It lets you see invisible.
   Fly:       It grants you flight.
Wands
 f - a wand of acid (5)
 p - a wand of polymorph (4)
 u - a wand of paralysis (9)
 B - a wand of digging (18)
 I - a wand of roots (15)
 J - a wand of mindburst (14)
Scrolls
 d - 5 scrolls of teleportation
 q - 4 scrolls of fog
 s - a scroll of vulnerability
 C - 2 scrolls of butterflies
 D - a scroll of torment
 E - 4 scrolls of immolation
 N - 2 scrolls of identify
 R - a scroll of amnesia
 T - a scroll of blinking
 U - a scroll of fear
 V - a scroll of poison
 X - 2 scrolls of silence
Potions
 a - 4 potions of flight
 c - 3 potions of magic
 j - 3 potions of attraction
 k - a potion of resistance
 n - 4 potions of curing
 r - 3 potions of brilliance
 v - 6 potions of lignification
 z - 5 potions of mutation
 Z - 2 potions of ambrosia
Miscellaneous
 O - a phial of floods


   Skills:
 + Level 11.8 Fighting
 - Level 9.9 Dodging
 + Level 12.8 Shields
 * Level 20.5 Unarmed Combat


You had 14 spell levels left.
You didn't know any spells.
Your spell library contained the following spells:

 Spells                   Type           Power      Damage    Failure   Level
 Beastly Appendage        Tmut           0%         N/A       50%         1
 Kiss of Death            Conj/Necr      0%         2d5       50%         1
 Cigotuvi's Dreadful Rot  Necr/Pois/Air  0%         N/A       63%         2
 Static Discharge         Conj/Air       0%         2-2/arc   63%         2
 Sublimation of Blood     Necr           0%         N/A       63%         2
 Wereblood                Tmut           0%         N/A       63%         2
 Confusing Touch          Hex            0%         N/A       86%         3
 Dazzling Flash           Conj/Hex       0%         N/A       86%         3
 Ignite Poison            Fire/Tmut/Pois 0%         N/A       86%         3
 Spider Form              Tmut/Pois      0%         N/A       86%         3
 Vhi's Electric Charge    Tloc/Air       0%         N/A       86%         3
 Airstrike                Air            0%         2d(0-16)  99%         4
 Dispel Undead            Necr           0%         3d6       99%         4
 Passage of Golubria      Tloc           0%         N/A       99%         4
 Summon Lightning Spire   Summ/Air       0%         N/A       99%         4
 Agony                    Necr           0%         N/A       100%        5
 Arcjolt                  Conj/Air       0%         1d10      100%        5
 Freezing Cloud           Conj/Ice/Air   0%         6-21      100%        5
 Iskenderun's Battlesphe  Conj           0%         2d6       100%        5
 Silence                  Hex/Air        0%         N/A       100%        5
 Iron Shot                Conj/Erth      0%         9d1       100%        6
 Plasma Beam              Fire/Air       0%         2x1d11    100%        6
 Spellforged Servitor     Conj/Summ      0%         N/A       100%        7
 Summon Hydra             Summ           0%         N/A       100%        7
 Lehudib's Crystal Spear  Conj/Erth      0%         10d2      100%        8


Dungeon Overview and Level Annotations

Branches:
Dungeon (15/15)            Temple (1/1) D:6            Lair (5/5) D:8
 Shoals (0/4) Lair:3       Spider (0/4) Lair:3        Slime (0/5) Lair:4
    Orc (2/2) D:12            Elf (0/3) Orc:2        Vaults (0/5) D:13
 Depths (0/4) D:15        Volcano (visited)

Altars:
Ashenzari
Cheibriados
Dithmenos
Elyvilon
Fedhas
Gozag
Hepliaklqana
Kikubaaqudgha
Makhleb
Nemelex Xobeh
Okawaru
Qazlal
Ru
Sif Muna
Trog
Uskayaw
Vehumet
Wu Jian
Xom
Yredelemnul
Zin
The Shining One

Shops:
D:5 *   D:9 =?   Orc:1 (!=   Orc:2 (*!*

Portals:
Trove: D:12 (give +7 demon whip)

Annotations:
D:15 2 transporters, AyAyRon's ghost, adept DsFi


Innate Abilities, Weirdness & Mutations

You are too large for most types of armour.
You have claws for hands.
Your natural rate of healing is unusually fast.
You are covered in fur. (AC +1)
You have tough skin. (AC +1)


Message History

Aim: an eight-headed hydra (severely wounded, 79% to hit)
You throw a large rock.
The large rock hits the eight-headed hydra.
The eight-headed hydra is severely wounded.
The eight-headed hydra barely misses you.
You block the eight-headed hydra's attack. x2
The eight-headed hydra bites you but does no damage.
You block the eight-headed hydra's attack.
The eight-headed hydra bites you.
The eight-headed hydra barely misses you.
The eight-headed hydra bites you. The eight-headed hydra bites you!
You block the eight-headed hydra's attack.
The eight-headed hydra bites you but does no damage. x2
The eight-headed hydra barely misses you.
The eight-headed hydra bites you. The eight-headed hydra bites you!
* * * LOW HITPOINT WARNING * * *
You block the eight-headed hydra's attack.
Throw: 26 large rocks
Press: ? - help, Q - select action, (/) - cycle Shift-Dir - straight line, f/p - eight-headed hydra
Aim: an eight-headed hydra (severely wounded, 79% to hit)
You throw a large rock.
The large rock hits the eight-headed hydra!
The eight-headed hydra is almost dead.
The eight-headed hydra bites you!
* * * LOW HITPOINT WARNING * * *
The eight-headed hydra bites you.
* * * LOW HITPOINT WARNING * * *
You block the eight-headed hydra's attack.
The eight-headed hydra closely misses you.
The eight-headed hydra bites you but does no damage.
The eight-headed hydra bites you!
* * * LOW HITPOINT WARNING * * *
You block the eight-headed hydra's attack.
The eight-headed hydra bites you!
* * * LOW HITPOINT WARNING * * *
The eight-headed hydra completely misses you.
The eight-headed hydra bites you!
* * * LOW HITPOINT WARNING * * *
The eight-headed hydra bites you!
You die...

..............÷...##
......#............#
.....#.............#
##...#.........##^.#
#.....(.....#...#.(##
......#.....#.#.....#####
####..#.....#.........).#
.........####...D.......#
#...#........#..@.......#
#.#....#####............###
..####..###.....#..##.....#
######....#.##..##..###.†.#
..................).###..>#
#######.#.#......#).......#
# #.#.#.......).......# #
#.#.#......####.....# ####
#.#........# #.....#


You could see an eight-headed hydra.

Vanquished Creatures
  Rupert (D:14)
  An orc warlord (D:12)
  Fannar (Lair:2)
  A great orb of eyes (D:15)
  Harold (D:12)
  4 catoblepae
  5 hydras
  2 ogre magi (Orc:2)
  Erica (Lair:2)
  4 boulder beetles
  3 dancing weapons
  20 death yaks
  5 centaur warriors
  14 two-headed ogres
  A deep troll shaman (Lair:5)
  An orc high priest (D:12)
  Urug (D:11)
  Sonja (D:11)
  2 skysharks (Lair:5)
  The ghost of Dordric the Trooper, a novice DjCA of Ignis (D:7)
  The ghost of spardeous the Geomancer, a novice DgEE (D:9)
  3 deep trolls
  4 lindwurms
  2 orc sorcerers
  Pikel (D:5)
  3 harpies (Lair:3)
  4 orc knights
  2 deep elf pyromancers
  8 ugly things
  A faun (shapeshifter) (D:15)
  4 manticores
  4 oklob plants (Lair:4)
  4 elephants (Lair:5)
  6 cyclopes
  Maurice (D:10)
  6 black mambas
  2 molten gargoyles (Volcano)
  Joseph (Lair:1)
  4 gargoyles
  12 cane toads
  12 komodo dragons
  3 kobold demonologists (D:11)
  4 efreet
  4 rime drakes
  15 trolls
  4 hornets
  3 polar bears
  A dream sheep (Lair:3)
  4 blink frogs (Lair:5)
  2 jumping spiders (D:11)
  13 slime creatures
  Sigmund (D:2)
  25 yaks
  4 wyverns
  A shadow (D:11)
  A wraith (D:11)
  A fire elemental (Lair:5)
  2 steam dragons
  2 basilisks
  10 vampire mosquitoes
  A redback (D:11)
  A warg (Orc:2)
  An acid dragon (D:11)
  16 water moccasins
  31 orc warriors
  A swamp drake (D:12)
  3 ice beasts
  2 black bears
  A sky beast (D:6)
  21 ogres
  14 wolves
  18 centaurs
  An earth elemental (Volcano)
  11 bullfrogs
  A gnoll sergeant (D:8)
  3 scorpions
  7 wights
  12 killer bees
  2 electric eels (Lair:1)
  5 howler monkeys
  4 lava snakes
  A jelly (D:6)
  A centaur skeleton (D:7)
  A hound (D:6)
  17 orc priests
  Crazy Yiuf (D:5)
  31 orc wizards
  A sleepcap (D:6)
  3 iguanas
  4 hell rats (D:8)
  A spectral howler monkey (D:7)
  A howler monkey zombie (D:7)
  9 adders
  A shadow imp (D:5)
  2 ufetubi
  2 worms (D:2)
  4 dart slugs
  92 orcs
  7 bats
  7 endoplasms
  A giant cockroach (D:2)
  12 hobgoblins
  10 jackals
  13 kobolds
  3 quokkas
  10 ball pythons
  A frilled lizard (D:2)
  5 goblins
  9 rats
  A fire vortex (Volcano)
662 creatures vanquished.

Vanquished Creatures (others)
  A black mamba (Lair:3)
  An orc wizard (D:12)
2 creatures vanquished.

Grand Total: 664 creatures vanquished

Notes
Turn   | Place    | Note
-------+----------+-------------------------------------------
     0 | D:1      | cheesebisquit the Troll Fighter began the quest for the
                  | Orb.
     0 | D:1      | Reached XP level 1. HP: 22/22 MP: 0/0
    98 | D:1      | Reached XP level 2. HP: 23/29 MP: 1/1
   227 | D:1      | Found a faded altar of an unknown god.
   510 | D:2      | Reached XP level 3. HP: 32/36 MP: 2/2
   559 | D:2      | Noticed Sigmund
   574 | D:2      | Killed Sigmund
   575 | D:2      | Reached skill level 4 in Unarmed Combat
   575 | D:2      | Reached XP level 4. HP: 39/45 MP: 3/3
   575 | D:2      | Reached XP level 5. HP: 46/53 MP: 4/4
  1411 | D:3      | Found an iron altar of Okawaru.
  1575 | D:3      | Reached XP level 6. HP: 61/61 MP: 5/5
  2151 | D:3      | Identified the +2 robe of Leptioso {MP+9}
  2599 | D:4      | Found a shimmering altar of Xom.
  2698 | D:4      | Reached skill level 5 in Unarmed Combat
  3059 | D:4      | Reached XP level 7. HP: 68/68 MP: 6/6
  3185 | D:5      | Entered Level 5 of the Dungeon
  3242 | D:5      | Reached skill level 6 in Unarmed Combat
  3270 | D:5      | Found a basalt altar of Yredelemnul.
  3659 | D:5      | Noticed Pikel
  3665 | D:5      | Killed Pikel
  3666 | D:5      | Reached skill level 5 in Fighting
  3666 | D:5      | Reached skill level 5 in Shields
  3666 | D:5      | Reached skill level 7 in Unarmed Combat
  3666 | D:5      | Reached XP level 8. HP: 72/80 MP: 7/7
  3673 | D:5      | Found Fasot's Neck Hole.
  3682 | D:5      | Bought a scarf of repulsion for 180 gold pieces
  3748 | D:5      | Found a runed translucent door.
  3749 | D:5      | Noticed Crazy Yiuf
  3950 | D:5      | Found a shadowy altar of Dithmenos.
  3953 | D:5      | Reached skill level 8 in Unarmed Combat
  4056 | D:5      | Killed Crazy Yiuf
  4329 | D:6      | Found a staircase to the Ecumenical Temple.
  4347 | D:6      | Reached XP level 9. HP: 57/88 MP: 8/8
  4350 | Temple   | Entered the Ecumenical Temple
  4526 | Temple   | Became a worshipper of the Wu Jian Council
  4871 | D:6      | Reached skill level 9 in Unarmed Combat
  5344 | D:7      | Found a runed translucent gate.
  5344 | D:7      | Found a runed translucent gate.
  5344 | D:7      | Found a runed translucent gate.
  5491 | D:7      | Paralysed by a hornet for 2 turns
  5845 | D:7      | Noticed Dordric's ghost (novice DjCA)
  6000 | D:8      | Reached skill level 10 in Unarmed Combat
  6105 | D:8      | Reached * piety under Wu Jian
  6114 | D:8      | Reached XP level 10. HP: 86/100 MP: 9/9
  6145 | D:8      | Noticed a death yak
  6155 | D:8      | Noticed a death yak
  6166 | D:8      | Noticed a death yak
  6171 | D:7      | Killed a death yak
  6371 | D:8      | Found a sacrificial altar of Ru.
  6488 | D:8      | Found a stormy altar of Qazlal.
  6534 | D:8      | Killed a death yak
  6557 | D:8      | Killed a death yak
  6558 | D:8      | Reached skill level 11 in Unarmed Combat
  6561 | D:8      | Found a staircase to the Lair.
  6684 | D:8      | Found a shimmering blue altar of Sif Muna.
  7332 | D:9      | Found Gosoc's Jewellery Shoppe.
  7522 | D:9      | Found Qeguxua's Magic Scroll Emporium.
  7530 | D:9      | Bought a scroll of blinking for 120 gold pieces
  7530 | D:9      | Bought a scroll of fog for 64 gold pieces
  7530 | D:9      | Bought a scroll of identify for 32 gold pieces
  7530 | D:9      | Bought a scroll of blinking for 120 gold pieces
  7559 | D:9      | Noticed a two-headed ogre
  7568 | D:9      | Killed a two-headed ogre
  7569 | D:9      | Reached skill level 5 in Dodging
  7569 | D:9      | Reached XP level 11. HP: 78/109 MP: 10/10
  7936 | D:9      | Found a runed translucent door.
  7936 | D:9      | Found a shimmering altar of Xom.
  7936 | D:9      | Noticed spardeous's ghost (novice DgEE)
  7937 | D:9      | Noticed a +2 long sword of chaos
  7953 | D:10     | Entered Level 10 of the Dungeon
  8074 | D:9      | Reached ** piety under Wu Jian
  8186 | D:10     | Noticed Maurice
  8203 | D:10     | Noticed a two-headed ogre
  8217 | D:10     | Killed a two-headed ogre
  8244 | D:10     | Killed Maurice
  8290 | D:10     | Reached skill level 12 in Unarmed Combat
  8888 | D:9      | Bought a scroll of enchant weapon for 120 gold pieces
  9151 | D:11     | Noticed a two-headed ogre
  9158 | D:11     | Killed a two-headed ogre
  9221 | D:11     | Noticed Urug
  9264 | D:11     | Killed Urug
  9563 | D:11     | Noticed Sonja
  9570 | D:11     | Killed Sonja
  9649 | D:11     | Reached *** piety under Wu Jian
  9675 | D:11     | Reached skill level 13 in Unarmed Combat
  9822 | D:11     | Found a runed translucent door.
 10049 | D:11     | Found a runed translucent gate.
 10049 | D:11     | Found a runed translucent gate.
 10049 | D:11     | Found a runed translucent gate.
 10049 | D:11     | Found a runed translucent gate.
 10049 | D:11     | Found a runed translucent gate.
 10049 | D:11     | Found a runed translucent gate.
 10049 | D:11     | Noticed a boulder beetle
 10049 | D:11     | Noticed a lindwurm
 10074 | D:11     | Killed a boulder beetle
 10091 | D:11     | Killed a lindwurm
 10092 | D:11     | Reached XP level 12. HP: 120/120 MP: 11/11
 10545 | D:12     | Found a gate leading to a gauntlet.
 10644 | D:12     | Noticed a boulder beetle
 10682 | D:12     | Killed a boulder beetle
 10707 | D:12     | Found a staircase to the Orcish Mines.
 10858 | D:12     | Found a portal to a secret trove of treasure.
 10997 | D:7      | Killed Dordric's ghost
 11047 | D:7      | Identified 2 scrolls of acquirement
 11047 | D:7      | Acquired the amulet "Uvvuerod" {Faith Fly rC+ SInv}
 11049 | D:7      | Acquired a manual of Unarmed Combat
 11113 | D:9      | Killed spardeous's ghost
 11114 | D:9      | Reached skill level 14 in Unarmed Combat
 11205 | Lair:1   | Entered Level 1 of the Lair of Beasts
 11298 | Lair:1   | Noticed Joseph
 11303 | Lair:1   | Reached **** piety under Wu Jian
 11313 | Lair:1   | Killed Joseph
 12243 | Lair:2   | Reached skill level 15 in Unarmed Combat
 12314 | Lair:2   | Noticed Fannar
 12320 | Lair:2   | Killed Fannar
 12375 | Lair:2   | Found a burning altar of Makhleb.
 12409 | Lair:2   | Reached skill level 10 in Shields
 12413 | Lair:2   | Noticed Erica
 12422 | Lair:2   | Killed Erica
 12423 | Lair:2   | Reached XP level 13. HP: 127/131 MP: 12/12
 13390 | Lair:3   | Found a hole to the Spider Nest.
 13423 | Lair:3   | Reached ***** piety under Wu Jian
 13469 | Lair:3   | Found a dark tunnel.
 13478 | Volcano  | Entered a volcano
 13511 | Volcano  | Reached skill level 16 in Unarmed Combat
 13896 | Lair:3   | Found a staircase to the Shoals.
 13929 | Lair:3   | Reached skill level 17 in Unarmed Combat
 14497 | Lair:3   | Reached skill level 10 in Fighting
 14825 | Lair:3   | Reached skill level 18 in Unarmed Combat
 14864 | Lair:3   | Reached XP level 14. HP: 118/143 MP: 13/13
 15324 | Lair:5   | Entered Level 5 of the Lair of Beasts
 15915 | Lair:4   | Found a staircase to the Slime Pits.
 16306 | Lair:4   | Acquired the +1 animal skin "Hebu" {rElec}
 16581 | Lair:5   | Identified the ring of the Gazing Madman {rF- rC+ rN+ Will+
                  | SInv}
 16678 | Lair:5   | Reached ****** piety under Wu Jian
 17740 | Orc:1    | Entered Level 1 of the Orcish Mines
 17740 | Orc:1    | Found Lafrue's Weapon Shoppe.
 17765 | Orc:1    | Noticed an orc warlord
 18146 | D:12     | Found a staircase to the Orcish Mines.
 18149 | D:12     | Killed an orc warlord
 18150 | D:12     | Reached skill level 19 in Unarmed Combat
 18288 | D:12     | Found a portal to a secret trove of treasure.
 18406 | Orc:1    | Bought 2 atropa-tipped darts for 27 gold pieces
 18510 | Orc:1    | Noticed Harold
 18587 | D:12     | Killed Harold
 18913 | Orc:1    | Found Umoosoq's Distillery.
 18925 | Orc:1    | Bought a potion of heal wounds for 50 gold pieces
 18925 | Orc:1    | Bought a potion of haste for 100 gold pieces
 18925 | Orc:1    | Bought a potion of lignification for 30 gold pieces
 18925 | Orc:1    | Bought a potion of heal wounds for 50 gold pieces
 18925 | Orc:1    | Bought a potion of curing for 30 gold pieces
 18968 | Orc:1    | Found Juneham's Jewellery Emporium.
 19269 | Orc:2    | Entered Level 2 of the Orcish Mines
 19896 | Orc:2    | Found a staircase to the Elven Halls.
 20434 | Orc:2    | Found Ubocwuc's Distillery.
 20456 | Orc:2    | Reached XP level 15. HP: 107/152 MP: 14/14
 21021 | Orc:2    | Found Zenownuf's Antique Weapon Emporium.
 21143 | Orc:2    | Found Voaz Raosch's Assorted Antiques.
 21354 | Orc:2    | Found Roesyp's General Store.
 21459 | Orc:2    | Bought a scroll of identify for 62 gold pieces
 22409 | D:13     | Acquired a manual of Earth Magic
 22826 | D:13     | Found a gate to the Vaults.
 22829 | D:13     | Acquired a staff of earth
 23182 | D:13     | Reached skill level 20 in Unarmed Combat
 23622 | D:14     | Noticed Rupert
 23625 | D:14     | Paralysed by Rupert for 5 turns
 23671 | D:14     | Killed Rupert
 23910 | D:15     | Entered Level 15 of the Dungeon
 23979 | D:15     | Found a bloodstained altar of Trog.
 23979 | D:15     | Noticed AyAyRon's ghost (adept DsFi)
 23990 | D:15     | Found a transporter.
 23998 | D:15     | Found a transporter.
 24707 | D:15     | Noticed an azure jelly
 24871 | D:15     | Found a blossoming altar of Fedhas.
 24935 | D:15     | Paralysed by a great orb of eyes for 3 turns
 24982 | D:15     | Found a staircase to the Depths.
 25175 | D:14     | Slain by an eight-headed hydra

Illustrated notes

Levels and vault maps discovered:
D:1:      dpeg_arrival_radiant, layout_rooms, ebering_ecumenical_altar_ruins
D:2:      layout_basic, dk_noncrumbling_2, serial_bayou_pond_d, uniq_sigmund
D:3:      minmay_razor_zed, layout_basic, mainiacjoe_overflow_chevrons,
          chequers_serial_rivers_large_b
D:4:      layout_loops_ring, mainiacjoe_overflow_alcove_2
D:5:      layout_loops_ring, lemuel_doored_altar, grunt_dithmenos_shadows,
          nicolae_shop_sticking_my_neck_out, uniq_crazy_yiuf_cottage, uniq_pikel
D:6:      layout_loops_corners, minmay_temple_entry_trees
D:7:      layout_loops_ring, gammafunk_ghost_necromancy
D:8:      layout_loops_cross, kennysheep_orc_sif_temple, marbit_many_paths,
          hangedman_ru_absence, dpeg_lair_monsters, kennysheep_generic_room_16
D:9:      layout_stronghold, serial_shops, shop, nicolae_shop_behind_doors,
          ebering_ghost_xom
D:10:     layout_long_grid, minivault_24, unseen_surprise_small, uniq_maurice
D:11:     gammafunk_indiana_jones, layout_gridville, kennysheep_generic_room_11,
          uniq_urug, uniq_sonja
D:12:     layout_rooms, erik_orc_1, nicolae_trove_entry_diagonal,
          gauntlet_entry_generic
D:13:     layout_loops_corners, erik_vaults_1
D:14:     layout_rooms, uniq_rupert
D:15:     gammafunk_enter_depths_forms, layout_rooms,
          gammafunk_ghost_wrathful_warriors, dk_noncrumbling_3, fedhas_altar_3
Temple:   nicolae_temple_bog_church
Lair:1:   layout_loops_ring, grunt_forest_small_clearing_treed,
          serial_bayou_shore_a, lemuel_fruit_tree, uniq_joseph
Lair:2:   dreamdust_cave_troll, layout_regular_city, basic_altar,
          serial_bayou_shore_b, uniq_erica, uniq_fannar
Lair:3:   layout_long_grid, nicolae_shoals_entry_roost,
          spider_nest_entry_web_field, nicolae_volcano_entry_vermiform,
          st_stairs_4, nzn_random_ring
Lair:4:   layout_regular_city, dpeg_slime_entry_corner, dpeg_oklob_1
Lair:5:   grunt_lair_end_beastmaster, layout_gridlike
Orc:1:    layout_caves, serial_shops, nicolae_shop_stone,
          nicolae_shop_statue_plus, nicolae_shop_advertising_works
          [nicolae_subvault_shop_adworks], special_room [special_room_orc],
          mines2_lemuel, uniq_harold
Orc:2:    st_orc_open, layout_diamond_mine

Skill      XL: |  1  2  3  4  5  6  7  8  9 10 11 12 13 14 15 |
---------------+----------------------------------------------+-----
Shields        | 3 4 5 6 7 9 10 11 12 | 12.8
Fighting       | 3 5 6 7 8 9 10 11 | 11.8
Unarmed Combat | 4 5 7 8 10 11 13 15 18 19 20 | 20.5
Dodging        | 3 5 6 7 8 9 |  9.9

Action                     |  1- 3 |  4- 6 |  7- 9 | 10-12 | 13-15 || total
---------------------------+-------+-------+-------+-------+-------++-------
  Melee: Unarmed           |    88 |   182 |   245 |   682 |   970 ||  2167
         Morningstar       |       |       |       |       |    16 ||    16
  Throw: Boomerang         |       |       |    10 |    83 |   340 ||   433
         Dart              |       |       |     1 |    35 |    13 ||    49
         Javelin           |       |       |       |     2 |     1 ||     3
         Large rock        |       |       |       |       |    23 ||    23
 Invoke: Heavenly Storm    |       |       |       |       |     2 ||     2
Ability: Lunge             |       |       |     5 |    25 |    59 ||    89
         Whirlwind         |       |       |       |    16 |    30 ||    46
         Wall Jump         |       |       |       |       |     1 ||     1
  Evoke: Wand              |       |       |       |     6 |     2 ||     8
    Use: Potion            |     1 |       |     1 |    13 |    16 ||    31
         Scroll            |       |     1 |     8 |    16 |    25 ||    50
   Stab: Sleeping          |       |       |       |     1 |       ||     1
         Petrified         |       |       |       |       |    15 ||    15
         Petrifying        |       |       |       |       |     2 ||     2
 Armour: Robe              |    50 |    76 |    85 |   133 |    90 ||   434
         Animal skin       |       |       |       |       |    39 ||    39
         Troll leather arm |       |       |       |       |   120 ||   120
  Dodge: Dodged            |    43 |    57 |    95 |   319 |   346 ||   860
         Repelled          |       |       |     1 |    13 |    11 ||    25
  Block: Kite shield       |    37 |    73 |    86 |   284 |   413 ||   893
